 Dungeon Crawl Stone Soup version 0.27.1-4-g1640c2035a (webtiles) character file.

Game seed: 4380538537152362349

1064 raph the Basher (level 8, -2/96 HPs)
             Began as a Minotaur Berserker on Nov 4, 2021.
             Was an Elder of Trog.
             Succumbed to a kobold brigand's poison
             ... on level 6 of the Dungeon.
             The game lasted 00:11:03 (6930 turns).

raph the Basher (Minotaur Berserker)                Turns: 6930, Time: 00:11:04

Health: -2/96      AC: 11    Str: 22    XL:     8   Next: 6%
Magic:  7/7        EV: 11    Int:  4    God:    Trog [****..]
Gold:   251        SH:  0    Dex: 12    Spells: 7/7 levels left

rFire    . . .     SeeInvis .   m - +2 flail (holy)
rCold    . . .     Faith    .   (no shield)
rNeg     + . .     Spirit   .   b - +0 plate armour
rPois    .         Reflect  .   (helmet restricted)
rElec    .         Harm     .   (no cloak)
rCorr    .         Rampage  .   (no gloves)
Will     .....                  (no boots)
Stlth    ..........             (no amulet)
HPRegen  0.26/turn              g - ring of positive energy
MPRegen  0.10/turn              l - +4 ring of evasion

@: berserking (expiring), lethally poisoned (-2 -> -30), very quick
A: horns 2, retaliatory headbutt
a: Renounce Religion, Berserk, Trog's Hand, Brothers in Arms


You were on level 6 of the Dungeon.
You worshipped Trog.
Trog was greatly pleased with you.
You visited 1 branch of the dungeon, and saw 6 of its levels.
You also visited: Sewer.

You collected 279 gold pieces.
You spent 28 gold pieces at shops.

Inventory:

Hand Weapons
 a - a +1 mace
 m - a +2 flail of holy wrath (weapon)
 n - a +0 flail
Missiles
 k - a throwing net (quivered)
 r - 15 poisoned darts
Armour
 b - a +0 plate armour (worn)
 i - a +1 chain mail
Jewellery
 e - a ring of protection from cold
 g - a ring of positive energy (left hand)
 l - a +4 ring of evasion (right hand)
 s - a ring of protection from cold
Wands
 o - a wand of iceblast (6)
 t - a wand of paralysis (22)
 y - a wand of digging (6)
Scrolls
 c - 7 scrolls of teleportation
 d - 2 scrolls of enchant weapon
 j - 2 scrolls of identify
 x - a scroll of magic mapping
Potions
 f - 2 potions of curing
 h - a potion of heal wounds
 p - a potion of resistance
 q - a potion of ambrosia
 u - 2 potions of mutation
 v - 4 potions of flight
Miscellaneous
 w - a phantom mirror


   Skills:
 - Level 3.6 Fighting
 + Level 11.6 Maces & Flails
 - Level 2.4 Armour
 - Level 2.1 Dodging


You had 7 spell levels left.
You didn't know any spells.
Your spell library was empty.

Dungeon Overview and Level Annotations

Branches:
Dungeon (6/15)             Temple (0/1) D:5           Sewer (visited)

Altars:
Trog

Shops:
D:2 ?


Innate Abilities, Weirdness & Mutations

You have a pair of horns on your head.
You reflexively headbutt those who attack you in melee.


Message History

You are too injured to fight recklessly!
You are too injured to fight recklessly!
You are too injured to fight recklessly!
A red film seems to cover your vision as you go berserk!
You feel yourself moving faster!
You feel mighty!
You feel very sick.
The kobold brigand hits you with a +0 whip of venom!
You are lethally poisoned!
The kobold closely misses you. You furiously retaliate!
You headbutt the kobold.
You kill the kobold!
Trog accepts your kill.
You barely miss the kobold brigand.
Your headbutt misses the kobold brigand.
The kobold brigand is lightly wounded.
* * * LOW HITPOINT WARNING * * *
You feel very sick.
The kobold brigand hits you with a +0 whip of venom.
* * * LOW HITPOINT WARNING * * *
You are more poisoned.
* * * LOW HITPOINT WARNING * * *
You feel extremely sick. The kobold brigand barely misses you.
Things that are here:
a +0 short sword; a kobold corpse You closely miss the kobold brigand.
You headbutt the kobold brigand!
The kobold brigand is severely wounded.
* * * LOW HITPOINT WARNING * * *
You feel very sick.
You bludgeon the kobold brigand!!
You kill the kobold brigand!
Trog accepts your kill.
* * * LOW HITPOINT WARNING * * *
You feel very sick.
There is a lethal amount of poison in your body!
* * * LOW HITPOINT WARNING * * *
You feel very sick.
You are too berserk!
You feel a strong urge to attack something.
You die...

######### #.......#
#.......# ######.......#
.....#.......#
####.#.......#
####.#.......###########
#...............).......
#....#........)#@.......
.......####....#........
#..............#........
#..............#........
#####..........#........
#..........#.#.#####
#..........###.#
#####..........## ..
................>


There were no monsters in sight!

Vanquished Creatures
  A water moccasin (D:5)
  An ogre (D:5)
  Blork the orc (D:6)
  A kobold brigand (D:6)
  A scorpion (D:5)
  A centaur zombie (D:5)
  A hound (D:5)
  2 iguanas
  Natasha (thrice) (D:2)
  An orc wizard (D:6)
  A merfolk avatar (Sewer)
  A merfolk siren (Sewer)
  17 gnolls
  7 adders
  4 river rats
  A white imp (D:5)
  An ufetubus (D:6)
  2 adder skeletons
  4 worms
  2 dart slugs
  8 orcs
  7 endoplasms
  10 giant cockroaches
  7 goblins
  6 hobgoblins
  9 kobolds
  5 quokkas
  12 ball pythons
  3 bats
  6 frilled lizards
  29 rats
155 creatures vanquished.

Vanquished Creatures (others)
  A wizard (D:5)
1 creature vanquished.

Grand Total: 156 creatures vanquished

Notes
Turn   | Place    | Note
-------+----------+-------------------------------------------
     0 | D:1      | raph the Minotaur Berserker began the quest for the Orb.
     0 | D:1      | Reached XP level 1. HP: 19/19 MP: 0/0
    84 | D:1      | Reached skill level 4 in Maces & Flails
   195 | D:1      | Found a faded altar of an unknown god.
   290 | D:1      | Reached XP level 2. HP: 17/26 MP: 1/1
  1061 | D:1      | Reached skill level 5 in Maces & Flails
  1131 | D:2      | Reached XP level 3. HP: 29/31 MP: 2/2
  1179 | D:2      | Found Qilyrol's Magic Scroll Boutique.
  1212 | D:2      | Reached ** piety under Trog
  1557 | D:2      | Noticed Natasha
  1560 | D:2      | Killed Natasha
  1561 | D:2      | Reached skill level 6 in Maces & Flails
  1561 | D:2      | Reached XP level 4. HP: 39/39 MP: 3/3
  2042 | D:2      | Noticed Natasha
  2049 | D:2      | Killed Natasha
  2290 | D:2      | Noticed Natasha
  2296 | D:2      | Killed Natasha
  2297 | D:2      | Reached XP level 5. HP: 45/45 MP: 4/4
  2489 | D:2      | Reached skill level 7 in Maces & Flails
  2890 | D:2      | Bought a scroll of identify for 28 gold pieces
  4009 | D:4      | Reached skill level 8 in Maces & Flails
  4195 | D:4      | Reached XP level 6. HP: 51/51 MP: 5/5
  4989 | D:5      | Entered Level 5 of the Dungeon
  5065 | D:5      | Reached skill level 9 in Maces & Flails
  5143 | D:5      | Reached *** piety under Trog
  5145 | D:5      | Found a staircase to the Ecumenical Temple.
  5226 | D:5      | Reached XP level 7. HP: 53/57 MP: 6/6
  5263 | D:5      | Found a glowing drain.
  5271 | Sewer    | Entered a sewer
  5468 | Sewer    | Reached **** piety under Trog
  5497 | Sewer    | Reached skill level 10 in Maces & Flails
  5997 | D:5      | Found a bloodstained altar of Trog.
  6000 | D:5      | Noticed a wizard
  6003 | D:5      | Killed a wizard
  6411 | D:5      | Reached skill level 11 in Maces & Flails
  6745 | D:6      | Noticed Blork the orc
  6756 | D:6      | Killed Blork the orc
  6757 | D:6      | Reached XP level 8. HP: 62/64 MP: 7/7
  6929 | D:6      | HP: 2/96 [poisoned by a kobold brigand]
  6930 | D:6      | Succumbed to a kobold brigand's poison

Illustrated notes

Levels and vault maps discovered:
D:1:      sevenhm_arrival_forest_fort_small_5, layout_loops_ring,
          shapermc_ecumenical_altar_mp_vishouse
D:2:      layout_basic, serial_shops, shop, minmay_splitting_lines, uniq_natasha
D:3:      layout_basic, minmay_misc_feat_columns
D:4:      layout_basic
D:5:      layout_basic, trog_wizard, minmay_temple_entry_grid,
          gup_sewer_entry_spiral
D:6:      layout_basic, uniq_blork_the_orc

Skill      XL: |  1  2  3  4  5  6  7 |
---------------+----------------------+-----
Maces & Flails | 4 5 6 8 9 11 | 11.6
Fighting       | |  3.6
Armour         | |  2.4
Dodging        | |  2.1

Action                   |  1- 3 |  4- 6 |  7- 9 || total
-------------------------+-------+-------+-------++-------
Melee: Mace              |    65 |    86 |       ||   151
       Headbutt          |    13 |    13 |    24 ||    50
       Flail             |       |    29 |   150 ||   179
Invok: Berserk           |     2 |     9 |     5 ||    16
       Trog's Hand       |       |       |     3 ||     3
  Use: Scroll            |       |    12 |     3 ||    15
Armor: Animal skin       |    12 |       |       ||    12
       Chain mail        |     1 |    45 |    41 ||    87
       Plate armour      |       |       |    12 ||    12
Dodge: Dodged            |    34 |    70 |    61 ||   165
